 Dungeon Sprint DCSS version 0.17-a0-1685-g57e755e (webtiles) character file.

28 Kidiri the Sneak (level 2, -3/13 HPs)
             Began as a Spriggan Enchanter on Aug 19, 2015.
             Slain by a phantom (8 damage)
             ... in the Dungeon (Sprint III: "The Ten Rune Challenge").
             The game lasted 00:01:46 (876 turns).

Kidiri the Sneak (Spriggan Enchanter)                Turns: 876, Time: 00:01:46

Health: -3/13      AC:  3    Str:  4    XL:     2   Next: 96%
Magic:  4/8        EV: 20    Int: 16    God:
Gold:   11         SH:  0    Dex: 16    Spells: 2 memorised, 6 levels left

rFire  . . .     SeeInvis +     a - +1 dagger
rCold  . . .     Clarity  .     b - +1 robe
rNeg   . . .     SustAt   .     (shield restricted)
rPois  .         Gourm    .     (helmet restricted)
rElec  .         Spirit   .     (no cloak)
rCorr  .         Warding  .     (gloves unavailable)
rMut   .         NoTele   +     (boots unavailable)
MR     .....                    (no amulet)
Stlth  ++++......               (no ring)
                                (no ring)

@: very quick, not resistant to hostile enchantments, stealthy
A: unfitting armour, see invisible, herbivore 3, speed 3, slow metabolism 2
a: no special abilities


You were in the Dungeon.
You were not hungry.

You visited 1 branch You collected 11 gold pieces.

Inventory:

Hand weapons
 a - a +1 dagger (weapon)
Armour
 b - a +1 robe (worn)
Scrolls
 j - a scroll of blinking
Potions
 e - a potion of curing
 f - a potion of heal wounds
 g - a potion of haste
 h - 2 potions of magic
 i - a potion of berserk rage
Books
 c - a book of Maledictions

   Spells                             Type                      Level
   a - Corona                         Hexes                        1
   b - Ensorcelled Hibernation        Hexes/Ice                    2
   c - Confuse                        Hexes                        3
   d - Tukima's Dance                 Hexes                        3
   e - Dazzling Spray                 Conjuration/Hexes            3
Comestibles
 d - a bread ration


   Skills:
 + Level 2.1 Short Blades
 * Level 5.3 Dodging
 * Level 6.6 Stealth
 * Level 4.4 Spellcasting
 + Level 4.2 Hexes
 + Level 0.0 Ice Magic


You had 6 spell levels left.
You knew the following spells:

 Your Spells              Type           Power        Failure   Level  Hunger
a - Corona                Hex            ###....      3%          1    None
b - Ensorcelled Hibernat  Hex/Ice        ##....       12%         2    ##.....


Dungeon Overview and Level Annotations

Branches:
Dungeon (1/1)

Altars:


Innate Abilities, Weirdness & Mutations

You are tiny and cannot use many weapons and most armour.
You have supernaturally acute eyesight.
You are a herbivore.
You cover ground extremely quickly.
You need consume almost no food.


Message History

You closely miss the phantom.
The phantom is moderately damaged.
The phantom barely misses you.
You hit the phantom.
The phantom is heavily damaged.
The phantom hits you.
The phantom blinks!
You hit the phantom but do no damage.
The phantom is heavily damaged.
The phantom completely misses you.
You completely miss the phantom.
The phantom is heavily damaged.
The phantom misses you.
You barely miss the phantom.
The phantom is heavily damaged.
The phantom blinks!
You hit the phantom.
The phantom is heavily damaged.
The phantom hits you!
Ouch! That really hurt!
You die...

▓▓▓▓▓▓▓▓▓
▓<..#...####
▓...#......##
▓..##....)..# .#
▓##.##.##...# .#
##.##.###..# ..#
▓#.####.##..# .p.+
▓.###..##..##
#...# ▓#.....##.@#
#....#
###..##..W##.....#
##..##....#......#
#..###..##.#.....#
#[.# #.. ####....#
▓▓▓▓ ▓▓▓ ▓▓▓▓▓


You could see a phantom.

Vanquished Creatures
  Jessica (D)
  3 rats (D)
4 creatures vanquished.

Vanquished Creatures (others)
  2 draconian scorchers (D)
  2 yaktaurs (D)
  An electric eel (D)
  A plant (D)
6 creatures vanquished.

Grand Total: 10 creatures vanquished

Notes
Turn   | Place    | Note
--------------------------------------------------------------
     0 | D        | Kidiri the Spriggan Enchanter began the quest for the Orb.
     0 | D        | Reached XP level 1. HP: 9/9 MP: 5/5
    24 | D        | Killed a yaktaur
   146 | D        | Killed an electric eel
   224 | D        | Killed a white draconian scorcher
   241 | D        | Killed a white draconian scorcher
   244 | D        | Noticed Jessica
   627 | D        | Killed Jessica
   627 | D        | Reached skill level 5 in Dodging
   627 | D        | Reached skill level 6 in Stealth
   627 | D        | Reached XP level 2. HP: 5/13 MP: 5/8
   631 | D        | Learned a level 2 spell: Ensorcelled Hibernation
   708 | D        | Killed a yaktaur
   876 | D        | Slain by a phantom

Vault maps used:
D:        dungeon_sprint_mu

Action                   || total
-------------------------++-------
Melee: Dagger            ||    25
 Cast: Corona            ||     9
 Stab: Sleeping          ||     2
